 Dungeon Crawl Stone Soup version 0.31-a0-824-ge5246a80f4 (webtiles) character file.

Game seed: 6958249980171307754

79102 qw the Marksgargoyle (level 15, -9/98 HPs)
             Began as a Gargoyle Hunter on Sept 23, 2023.
             Was a High Priest of Okawaru.
             Mangled by a frost giant
             ... wielding a +1 battleaxe of freezing
              (27 damage)
             ... on level 15 of the Dungeon.
             The game lasted 00:09:46 (20436 turns).

qw the Marksgargoyle (Gargoyle Hunter)             Turns: 20436, Time: 00:09:46

Health: -9/98      AC: 29    Str: 16    XL:     15   Next: 62%
Magic:  20/22      EV: 27    Int: 10    God:    Okawaru [*****.]
Gold:   1156       SH:  0    Dex: 25    Spells: 14/14 levels left

rFire   + + .        Y - +1 hand cannon (chaos)
rCold   + . .        (no shield)
rNeg    + . .        u - +3 ring mail {rF+}
rPois   inf          g - +1 helmet
rElec   +            l - scarf {rC+ rF+}
rCorr   .            q - +2 pair of gloves
SInv    .            t - +0 pair of boots
Will    +....        k - amulet of faith
Stlth   +++          m - +6 ring of dexterity
HPRegen 0.36/turn    e - +5 ring of evasion
MPRegen 0.18/turn

%: faith
@: about to teleport, heroic, flying
A: sickness immunity, AC +11, big wings, negative energy resistance 1,
electricity resistance, torment resistance 1, petrification resistance
a: Renounce Religion, Heroism, Finesse, Duel


You were on level 15 of the Dungeon.
You worshipped Okawaru.
Okawaru was extremely pleased with you.
You visited 3 branches of the dungeon, and saw 21 of its levels.

You collected 1778 gold pieces.
You spent 622 gold pieces at shops.


Innate Abilities, Weirdness & Mutations

You are immune to sickness and miasma.
Your stone body is resilient. (AC +11)
You are immune to poison.
Your large and strong wings let you fly.
You resist negative energy. (rN+)
You are resistant to electric shocks. (rElec)
You are resistant to unholy torment.
You are immune to petrification.


   Skills:
 - Level 13.0(18.0) Fighting
 + Level 19.8(24.8) Ranged Weapons
 - Level 8.1(13.1) Armour
 - Level 8.5(13.5) Dodging
 - Level 1.1(6.1) Stealth
 - Level 10.0 Invocations


You had 14 spell levels left.
You didn't know any spells.
Your spell library was empty.

Inventory:

Hand Weapons
 Y - a +1 hand cannon of chaos (weapon)
Armour
 c - a +0 troll leather armour
 g - a +1 helmet (worn)
 l - a scarf of resistance (worn)
 n - a +2 cloak
 q - a +2 pair of gloves (worn)
 t - a +0 pair of boots (worn)
 u - a +3 ring mail of fire resistance (worn)
Jewellery
 b - the amulet "Ahuxzurph" {rElec rN+ Regen+ Int+2}
   (You acquired it on level 3 of the Dungeon)

   [amulet of regeneration]

   Int+2:     It affects your intelligence (+2).
   rElec:     It insulates you from electricity.
   rN+:       It protects you from negative energy.
   Regen+:    It increases your rate of health regeneration.
 e - a +5 ring of evasion (right hand)
 f - an amulet of reflection
 k - an amulet of faith (around neck)
 m - a +6 ring of dexterity (left hand)
Scrolls
 a - 3 scrolls of teleportation
 j - 7 scrolls of identify
Potions
 d - 12 potions of curing
 h - 6 potions of mutation
 i - 5 potions of enlightenment
 o - 2 potions of might
 p - 3 potions of resistance
 r - 2 potions of cancellation
 s - a potion of magic {unknown}

Dungeon Overview and Level Annotations

Branches:
Dungeon (15/15)            Temple (1/1) D:6            Lair (5/5) D:10
  Swamp (0/4) Lair:2       Spider (0/4) Lair:3        Slime (0/5) Lair:4
    Orc (0/2) D:12         Vaults (0/5) D:14         Depths (0/4) D:15

Altars:
Ashenzari
Cheibriados
Dithmenos
Elyvilon
Fedhas
Gozag
Hepliaklqana
Kikubaaqudgha
Makhleb
Nemelex Xobeh
Okawaru
Qazlal
Ru
Sif Muna
Trog
Uskayaw
Vehumet
Wu Jian
Xom
Yredelemnul
Zin
The Shining One
Jiyva

Shops:
D:1 =   D:2 [[   D:5 !   D:6 !   D:14 ?

Portals:
Trove: D:10 (lose all piety)

Annotations:
D:7 1 runed translucent door, Crazy Yiuf
D:8 3 runed translucent doors, qw's ghost, novice MiHs


Message History

The bolt hits the wolf spider simulacrum!
The wolf spider simulacrum convulses!
The wolf spider simulacrum is severely damaged.
You shoot a bolt.
The bolt hits the wolf spider simulacrum!!!
The wolf spider simulacrum vaporises!
Okawaru accepts your kill.
A meliai simulacrum comes into view.
You shoot a bolt. The bolt hits the meliai simulacrum!!
The bolt melts the meliai simulacrum!
The meliai simulacrum vaporises!
Okawaru accepts your kill.
Found a wand of flame (6).
You see here a staff of air.
s - a lumpy purple potion
There is an open door here.
You reach down and open the door.
A frost giant comes into view.
It is wielding a +1 battleaxe of freezing.
Found a staircase to the Depths.
The frost giant casts a spell at you. The bolt of cold hits you!! You resist.
You shoot a bolt.
The bolt hits the frost giant but does no damage.
The frost giant goes berserk!
20434 ||| INVOKING Heroism.
You gain the combat prowess of a mighty hero.
The frost giant hits you with a +1 battleaxe of freezing!!
The frost giant freezes you.
The frost giant hits you with a +1 battleaxe of freezing!!
The frost giant freezes you.
20435 ||| READING 4 scrolls of teleportation.
As you read the scroll of teleportation, it crumbles to dust.
You feel strangely unstable. The frost giant completely misses you.
You shoot a bolt. The bolt hits the frost giant!!
The frost giant's magic leaks into the air.
The frost giant is lightly wounded.
The frost giant completely misses you.
The frost giant hits you with a +1 battleaxe of freezing!!
You die...

#####################
#..#@.......~~#......
#..#C###~~~#.~#......
#..#.. #......##.....
#..#.>.#..~##.'......
#..#...#......#......
#..#+###~~~#.~#......
#..#........~~#......
#..############......
#....................


You could see a frost giant (berserk, magic disrupted).

Vanquished Creatures
  Rupert (D:13)
  Kirke (D:14)
  9 slime creatures
  4 hydras
  Erica (D:8)
  4 centaur warriors
  2 catoblepae
  A two-headed ogre (shapeshifter) (D:14)
  5 boulder beetles
  A two-headed ogre (D:10)
  4 tengu warriors
  Urug (D:10)
  3 death yaks (Lair:4)
  Sonja (D:12)
  Amaemon (D:8)
  4 skeletal warriors
  A skyshark (Lair:4)
  2 deep elf pyromancers (D:14)
  6 ugly things (D:14)
  3 cyclopes
  An oklob plant (Lair:3)
  2 manticores
  A salamander (shapeshifter) (D:14)
  21 elephants
  6 black mambas
  Maurice (D:8)
  2 gargoyles
  Psyche (D:8)
  An orange demon (D:8)
  2 unseen horrors
  5 rime drakes
  10 cane toads
  10 komodo dragons
  7 trolls
  15 polar bears
  2 wolf spider simulacra (D:15)
  A tyrant leech (Lair:2)
  A raiju (shapeshifter) (D:14)
  13 dream sheep
  2 raiju (Lair:5)
  2 jumping spiders (Lair:3)
  6 blink frogs
  2 shadows
  4 centaur simulacra (D:15)
  2 culicivoras (Lair:3)
  22 yaks
  A vampire (D:8)
  2 hogs (D:14)
  Eustachio (D:5)
  A water elemental (D:15)
  Grum (D:11)
  3 steam dragons
  A human (D:14)
  4 wyverns
  A fire elemental (Lair:4)
  A human (shapeshifter) (D:15)
  4 basilisks
  3 fire bats (Lair:4)
  2 vampire mosquitoes (D:12)
  A redback simulacrum (D:15)
  4 wargs (Lair:5)
  A swamp worm (Lair:2)
  Duvessa (D:6)
  22 water moccasins
  A meliai simulacrum (D:15)
  15 hell hounds (Lair:5)
  6 ice beasts
  A sky beast (D:7)
  4 orc warriors
  14 black bears
  7 centaurs
  36 wolves
  An ogre (D:4)
  A phantom (D:4)
  A kobold brigand (D:9)
  Blork the orc (D:5)
  8 bullfrogs
  11 scorpions
  5 wights (D:10)
  Dowan (D:6)
  16 killer bees
  2 electric eels
  5 howler monkeys
  2 hounds
  6 orc priests
  A jelly (D:5)
  A gnoll bouda (D:8)
  3 iguanas
  3 sleepcaps (D:5)
  Ijyb (D:4)
  14 orc wizards
  5 hell rats (Lair:5)
  16 gnolls
  8 adders
  7 white imps
  3 ufetubi
  3 worms
  2 dart slugs
  33 orcs
  6 bats
  5 endoplasms
  8 giant cockroaches
  3 hobgoblins
  4 jackals (D:2)
  4 quokkas
  8 ball pythons
  3 frilled lizards
  6 goblins
  7 kobolds
  A rat (D:2)
550 creatures vanquished.

Notes
Turn   | Place    | Note
-------+----------+-------------------------------------------
     0 | D:1      | qw the Gargoyle Hunter began the quest for the Orb.
     0 | D:1      | Reached XP level 1. HP: 12/12 MP: 1/1
     0 | D:1      | 0 ||| qw: Version: 0.3-a-83-gcd0e7d8
     0 | D:1      | 0 ||| qw: Game counter: 1781
     0 | D:1      | 0 ||| qw: Melee chars always use a shield: true
     0 | D:1      | 0 ||| qw: God list: Okawaru
     0 | D:1      | 0 ||| qw: Allow faded altars: false
     0 | D:1      | 0 ||| qw: Do Orc after clearing Dungeon:15 true
     0 | D:1      | 0 ||| qw: Do second Lair branch before Depths: true
     0 | D:1      | 0 ||| qw: Lair rune preference: random
     0 | D:1      | 0 ||| qw: Goals: Normal
     0 | D:1      | 0 ||| PLANNING D:1-11
   155 | D:1      | Reached XP level 2. HP: 12/17 MP: 2/2
   230 | D:1      | Found Legag's Jewellery Boutique.
   236 | D:1      | 236 ||| SHOPLISTING +4 ring of protection (468 gold, have
                  | 24).
   236 | D:1      | 236 ||| SHOPLISTING +5 ring of evasion (468 gold, have 24).
   236 | D:1      | 236 ||| SHOPLISTING +6 ring of strength (468 gold, have
                  | 24).
   236 | D:1      | 236 ||| SHOPLISTING amulet of faith (520 gold, have 24).
   236 | D:1      | 236 ||| SHOPLISTING ring of protection from fire (325 gold,
                  | have 24).
   540 | D:1      | 540 ||| UPGRADING to +0 pair of gloves.
   545 | D:1      | 545 ||| UPGRADING to +1 cloak.
   550 | D:1      | 550 ||| UPGRADING to +0 helmet.
   555 | D:1      | 555 ||| READING scroll labelled CEUKLI HOEQAY.
   558 | D:1      | 558 ||| READING scroll labelled BUUV DIEKI.
   559 | D:1      | 559 ||| READING scroll labelled GENGUVVONIN.
   560 | D:1      | 560 ||| DROPPING scroll of butterflies.
   567 | D:2      | Found a shimmering altar of Xom.
   570 | D:2      | 570 ||| RETREEAATING.
   571 | D:2      | 571 ||| Stepping ~*~*~tactically~*~*~ (retreating).
   572 | D:2      | 572 ||| Stepping ~*~*~tactically~*~*~ (retreating).
   573 | D:2      | 573 ||| Stepping ~*~*~tactically~*~*~ (retreating).
   574 | D:2      | 574 ||| STILL RETREEAATING.
   575 | D:2      | 575 ||| Stepping ~*~*~tactically~*~*~ (retreating).
   577 | D:2      | 577 ||| Stepping ~*~*~tactically~*~*~ (retreating).
   578 | D:2      | 578 ||| Stepping ~*~*~tactically~*~*~ (retreating).
   579 | D:2      | 579 ||| Stepping ~*~*~tactically~*~*~ (retreating).
   580 | D:2      | 580 ||| Stepping ~*~*~tactically~*~*~ (retreating).
   581 | D:2      | 581 ||| Stepping ~*~*~tactically~*~*~ (retreating).
   582 | D:2      | 582 ||| Stepping ~*~*~tactically~*~*~ (retreating).
   583 | D:2      | 583 ||| Stepping ~*~*~tactically~*~*~ (retreating).
   584 | D:2      | 584 ||| Stepping ~*~*~tactically~*~*~ (retreating).
   585 | D:2      | 585 ||| Stepping ~*~*~tactically~*~*~ (retreating).
   598 | D:2      | Reached skill level 1 in Armour
   598 | D:2      | Reached XP level 3. HP: 12/21 MP: 3/3
   691 | D:2      | Reached skill level 5 in Ranged Weapons
   703 | D:2      | Found Houtobeg's Antique Armour Shoppe.
   712 | D:2      | 712 ||| SHOPLISTING dyed leather armour (110 gold, have
                  | 40).
   712 | D:2      | 712 ||| SHOPLISTING ring mail (88 gold, have 40).
   768 | D:2      | Reached XP level 4. HP: 18/27 MP: 4/4
   863 | D:2      | Found Wiymm's Antique Armour Shop.
   872 | D:2      | 872 ||| SHOPLISTING pair of fine boots (209 gold, have 65).
   872 | D:2      | 872 ||| SHOPLISTING pair of glowing gloves (165 gold, have
                  | 65).
   872 | D:2      | 872 ||| SHOPLISTING ring mail (88 gold, have 65).
   915 | D:2      | 915 ||| UPGRADING to +6 ring of dexterity.
   916 | D:2      | 916 ||| READING scroll labelled EQAMIN MIOL.
   917 | D:2      | 917 ||| READING scroll labelled ENYEVV GOEHUIL.
   918 | D:2      | 918 ||| READING scroll labelled BUCOAGRONU.
   919 | D:2      | 919 ||| READING scroll labelled VYVUDO IPHI.
   920 | D:2      | 920 ||| READING scroll labelled GAIMUTR JACH.
   949 | D:3      | Reached skill level 3 in Fighting
  1543 | D:3      | 1543 ||| READING scroll of enchant weapon.
  1543 | D:3      | 1543 ||| ENCHANTING +1 shortbow.
  1711 | D:3      | 1711 ||| UPGRADING to +0 ring mail.
  1721 | D:3      | 1721 ||| DROPPING +0 leather armour.
  1722 | D:3      | 1722 ||| UPGRADING to amulet of faith.
  1727 | D:3      | 1727 ||| READING scroll labelled KOTEAXK MYTZ.
  1727 | D:3      | Identified a scroll of acquirement
  1727 | D:3      | 1727 ||| ACQUIRING amulet "Ahuxzurph" {rElec rN+ Regen+
                  | Int+2}
  1727 | D:3      | Acquired the amulet "Ahuxzurph" {rElec rN+ Regen+ Int+2}
  1729 | D:3      | 1729 ||| DROPPING amulet of the acrobat.
  1730 | D:3      | 1730 ||| READING scroll labelled LEEK UT AHIL.
  1731 | D:3      | 1731 ||| READING scroll labelled HADDANIEXE.
  1732 | D:3      | 1732 ||| DRINKING 3 brown potions.
  1733 | D:3      | 1733 ||| READING 4 scrolls of identify.
  1733 | D:3      | 1733 ||| IDENTIFYING amethyst potion
  1734 | D:3      | 1734 ||| READING 3 scrolls of identify.
  1734 | D:3      | 1734 ||| IDENTIFYING white potion
  1735 | D:3      | 1735 ||| READING 2 scrolls of identify.
  1735 | D:3      | 1735 ||| IDENTIFYING metallic brown potion
  1736 | D:3      | 1736 ||| DROPPING potion of berserk rage.
  1770 | D:4      | Noticed a phantom
  1786 | D:4      | Killed a phantom
  1787 | D:4      | Reached skill level 6 in Ranged Weapons
  1787 | D:4      | Reached XP level 5. HP: 10/32 MP: 5/5
  1798 | D:4      | 1798 ||| FLEEEEING.
  1799 | D:4      | 1799 ||| FLEEEEING.
  1800 | D:4      | 1800 ||| FLEEEEING.
  1801 | D:4      | 1801 ||| FLEEEEING.
  1802 | D:4      | 1802 ||| FLEEEEING.
  1803 | D:4      | 1803 ||| STAIRDANCE
  1880 | D:4      | 1880 ||| STAIRDANCE
  1889 | D:4      | 1889 ||| STAIRDANCE
  1996 | D:4      | Reached XP level 6. HP: 38/38 MP: 6/6
  2080 | D:4      | Found a basalt altar of Yredelemnul.
  2157 | D:4      | Noticed Ijyb
  2161 | D:4      | 2161 ||| FLEEEEING.
  2162 | D:4      | 2162 ||| FLEEEEING.
  2169 | D:4      | 2169 ||| FLEEEEING.
  2170 | D:4      | 2170 ||| FLEEEEING.
  2171 | D:4      | 2171 ||| FLEEEEING.
  2172 | D:4      | 2172 ||| FLEEEEING.
  2173 | D:4      | 2173 ||| FLEEEEING.
  2174 | D:4      | 2174 ||| FLEEEEING.
  2178 | D:4      | 2178 ||| STAIRDANCE
  2203 | D:3      | 2203 ||| UPGRADING to +2 cloak.
  2213 | D:3      | 2213 ||| DROPPING +1 cloak.
  2214 | D:3      | 2214 ||| DROPPING amulet of magic regeneration.
  2215 | D:3      | 2215 ||| READING 2 scrolls labelled QUNAKU EXEN.
  2246 | D:3      | 2246 ||| DROPPING scroll of torment.
  2260 | D:4      | Killed Ijyb
  2347 | D:4      | Reached skill level 7 in Ranged Weapons
  2347 | D:4      | Reached XP level 7. HP: 35/43 MP: 7/7
  2481 | D:4      | 2481 ||| READING scroll of enchant weapon.
  2481 | D:4      | 2481 ||| ENCHANTING +2 shortbow.
  2504 | D:4      | 2504 ||| DRINKING 2 red potions.
  2526 | D:5      | Entered Level 5 of the Dungeon
  2556 | D:5      | Noticed Eustachio
  2581 | D:5      | 2581 ||| Stepping ~*~*~tactically~*~*~ (retreating).
  2582 | D:5      | 2582 ||| Stepping ~*~*~tactically~*~*~ (retreating).
  2586 | D:5      | Killed Eustachio
  2587 | D:5      | Reached skill level 3 in Dodging
  2633 | D:5      | Noticed Blork the orc
  2648 | D:5      | Killed Blork the orc
  2884 | D:5      | Reached skill level 8 in Ranged Weapons
  2955 | D:5      | Reached XP level 8. HP: 48/48 MP: 8/8
  2972 | D:5      | 2972 ||| READING scroll of acquirement.
  2972 | D:5      | 2972 ||| ACQUIRING +0 hand cannon of freezing
  2972 | D:5      | Acquired a +0 hand cannon of freezing
  2974 | D:5      | 2974 ||| SWAPPING to +0 hand cannon of freezing.
  2975 | D:5      | 2975 ||| DROPPING +3 shortbow.
  3043 | D:5      | Found an ancient bone altar of Kikubaaqudgha.
  3047 | D:5      | Found a shimmering blue altar of Sif Muna.
  3049 | D:5      | Found a radiant altar of Vehumet.
  3256 | D:5      | Found Myelur's Distillery.
  3263 | D:5      | 3263 ||| BUYING potion of curing (33 gold).
  3263 | D:5      | Bought a potion of curing for 33 gold pieces
  3263 | D:5      | 3263 ||| BUYING potion of curing (33 gold).
  3263 | D:5      | Bought a potion of curing for 33 gold pieces
  3263 | D:5      | 3263 ||| BUYING potion of curing (33 gold).
  3263 | D:5      | Bought a potion of curing for 33 gold pieces
  3263 | D:5      | 3263 ||| BUYING potion of curing (33 gold).
  3263 | D:5      | Bought a potion of curing for 33 gold pieces
  3263 | D:5      | 3263 ||| BUYING potion of enlightenment (55 gold).
  3263 | D:5      | Bought a potion of enlightenment for 55 gold pieces
  3263 | D:5      | 3263 ||| SHOPLISTING potion of heal wounds (55 gold, have
                  | 45).
  3263 | D:5      | 3263 ||| BUYING potion of might (44 gold).
  3263 | D:5      | Bought a potion of might for 44 gold pieces
  3718 | D:6      | Found Roiso's Distillery.
  3725 | D:6      | 3725 ||| Stepping ~*~*~tactically~*~*~ (retreating).
  3726 | D:6      | 3726 ||| Stepping ~*~*~tactically~*~*~ (retreating).
  3728 | D:6      | Reached skill level 9 in Ranged Weapons
  3731 | D:6      | Reached skill level 3 in Armour
  3744 | D:6      | 3744 ||| FLEEEEING.
  3862 | D:6      | Found a staircase to the Ecumenical Temple.
  3863 | D:6      | 3863 ||| PLANNING TEMPLE
  3871 | Temple   | Entered the Ecumenical Temple
  3872 | Temple   | 3872 ||| PLANNING D:1-11
  3888 | D:6      | 3888 ||| SHOPLISTING 2 potions of curing (78 gold, have
                  | 72).
  3888 | D:6      | 3888 ||| BUYING potion of curing (39 gold).
  3888 | D:6      | Bought a potion of curing for 39 gold pieces
  3888 | D:6      | 3888 ||| SHOPLISTING potion of might (52 gold, have 33).
  3888 | D:6      | 3888 ||| SHOPLISTING potion of mutation (104 gold, have
                  | 33).
  4103 | D:6      | Reached skill level 6 in Fighting
  4124 | D:6      | Noticed Dowan
  4125 | D:6      | Killed Dowan
  4125 | D:6      | Noticed Duvessa
  4131 | D:6      | Killed Duvessa
  4132 | D:6      | Reached XP level 9. HP: 54/55 MP: 9/9
  4326 | D:6      | Found an iron altar of Okawaru.
  4327 | D:6      | 4327 ||| PLANNING OKAWARU WORSHIP
  4327 | D:6      | 4327 ||| UPGRADING to +1 leather armour of fire resistance.
  4337 | D:6      | 4337 ||| DROPPING +0 ring mail.
  4338 | D:6      | 4338 ||| READING scroll labelled SYFIERR EN MISH.
  4339 | D:6      | 4339 ||| READING 2 scrolls of identify.
  4339 | D:6      | 4339 ||| IDENTIFYING green potion
  4340 | D:6      | 4340 ||| DROPPING potion of ambrosia.
  4343 | D:6      | Became a worshipper of Warmaster Okawaru
  4344 | D:6      | 4344 ||| PLANNING D:1-11
  4618 | D:7      | Reached skill level 10 in Ranged Weapons
  4733 | D:7      | Found a shimmering altar of Xom.
  4734 | D:7      | 4734 ||| DROPPING scarf of harm.
  4735 | D:7      | 4735 ||| Stepping randomly (disturbance).
  4736 | D:7      | 4736 ||| Stepping randomly (disturbance).
  4748 | D:7      | Found a snail-covered altar of Cheibriados.
  5059 | D:7      | Reached * piety under Okawaru
  5111 | D:7      | Reached skill level 1 in Invocations
  5380 | D:7      | Found a runed translucent door.
  5381 | D:7      | Noticed Crazy Yiuf
  5459 | D:7      | Identified the +11 short sword of Flawed Execution {spect,
                  | Contam rF- rC+++ Will+}
  5462 | D:7      | Found a hide-covered altar of Uskayaw.
  6050 | D:8      | Noticed Psyche
  6051 | D:8      | 6051 ||| INVOKING Heroism.
  6054 | D:8      | 6054 ||| READING 2 scrolls of teleportation.
  6056 | D:8      | 6056 ||| Stepping randomly (disturbance).
  6057 | D:8      | 6057 ||| Stepping randomly (disturbance).
  6078 | D:8      | 6078 ||| READING scroll of teleportation.
  6083 | D:8      | Noticed Erica
  6083 | D:8      | Noticed Amaemon
  6083 | D:8      | Noticed an orange demon
  6084 | D:8      | 6084 ||| INVOKING Heroism.
  6093 | D:8      | Killed Amaemon
  6097 | D:8      | 6097 ||| DRINKING 8 potions of curing.
  6097 | D:8      | 6097 ||| (to cure confusion)
  6098 | D:8      | 6098 ||| INVOKING Heroism.
  6102 | D:8      | Killed an orange demon
  6102 | D:8      | Reached ** piety under Okawaru
  6103 | D:8      | Reached XP level 10. HP: 23/63 MP: 8/13
  6103 | D:8      | HP: 13/63 [vampire (10)]
  6103 | D:8      | HP: 6/63 [vampire (7)]
  6104 | D:8      | 6104 ||| DRINKING 2 potions of heal wounds.
  6108 | D:8      | 6108 ||| DRINKING potion of heal wounds.
  6117 | D:8      | HP: 15/63 [something (10)]
  6121 | D:8      | Killed Erica
  6122 | D:8      | Reached skill level 11 in Ranged Weapons
  6176 | D:8      | Noticed Maurice
  6177 | D:8      | 6177 ||| INVOKING Heroism.
  6186 | D:8      | Killed Maurice
  6186 | D:8      | Reached *** piety under Okawaru
  6356 | D:8      | Found a runed translucent gate.
  6356 | D:8      | Found a runed translucent gate.
  6357 | D:8      | Found a runed translucent gate.
  6358 | D:8      | Noticed qw's ghost (novice MiHs)
  6442 | D:8      | 6442 ||| INVOKING Heroism.
  6865 | D:8      | 6865 ||| INVOKING Heroism.
  6870 | D:8      | Killed Psyche
  7050 | D:8      | 7050 ||| READING 2 scrolls of identify.
  7050 | D:8      | 7050 ||| IDENTIFYING black potion
  7051 | D:8      | 7051 ||| DROPPING potion of attraction.
  7226 | D:9      | Reached skill level 12 in Ranged Weapons
  7231 | D:9      | 7231 ||| INVOKING Heroism.
  7475 | D:9      | 7475 ||| DRINKING 9 potions of curing.
  7475 | D:9      | 7475 ||| (to cure confusion)
  7483 | D:9      | Found a shadowy altar of Dithmenos.
  7533 | D:9      | 7533 ||| INVOKING Heroism.
  7782 | D:9      | 7782 ||| UPGRADING to +2 pair of gloves.
  7792 | D:9      | 7792 ||| DROPPING +0 pair of gloves.
  7793 | D:9      | 7793 ||| UPGRADING to ring of willpower.
  7813 | D:10     | Entered Level 10 of the Dungeon
  7828 | D:10     | Noticed Urug
  7829 | D:10     | 7829 ||| INVOKING Heroism.
  7835 | D:10     | HP: 15/64 [Urug/+0 great mace of holy wrath (12)]
  7836 | D:10     | 7836 ||| READING scroll of teleportation.
  7838 | D:10     | Killed Urug
  7838 | D:10     | Reached **** piety under Okawaru
  7839 | D:10     | Reached skill level 13 in Ranged Weapons
  7998 | D:10     | Found a portal to a secret trove of treasure.
  8040 | D:10     | Noticed a two-headed ogre
  8041 | D:10     | 8041 ||| INVOKING Heroism.
  8048 | D:10     | Killed a two-headed ogre
  8049 | D:10     | Reached XP level 11. HP: 69/69 MP: 12/14
  8188 | D:10     | 8188 ||| Stepping ~*~*~tactically~*~*~ (retreating).
  8189 | D:10     | 8189 ||| Stepping ~*~*~tactically~*~*~ (retreating).
  8190 | D:10     | 8190 ||| Stepping ~*~*~tactically~*~*~ (retreating).
  8191 | D:10     | 8191 ||| Stepping ~*~*~tactically~*~*~ (retreating).
  8192 | D:10     | 8192 ||| Stepping ~*~*~tactically~*~*~ (retreating).
  8193 | D:10     | 8193 ||| INVOKING Heroism.
  8201 | D:10     | Reached skill level 9 in Fighting
  8204 | D:10     | Reached ***** piety under Okawaru
  8205 | D:10     | Reached skill level 6 in Invocations
  8226 | D:10     | Found a staircase to the Lair.
  8244 | D:10     | 8244 ||| INVOKING Heroism.
  8250 | D:10     | 8250 ||| READING 2 scrolls of identify.
  8250 | D:10     | 8250 ||| IDENTIFYING blue potion
  8572 | D:10     | 8572 ||| RETREEAATING.
  8573 | D:10     | 8573 ||| STILL RETREEAATING.
  8574 | D:10     | 8574 ||| Stepping ~*~*~tactically~*~*~ (retreating).
  8575 | D:10     | 8575 ||| Stepping ~*~*~tactically~*~*~ (retreating).
  8576 | D:10     | 8576 ||| Stepping ~*~*~tactically~*~*~ (retreating).
  8577 | D:10     | 8577 ||| Stepping ~*~*~tactically~*~*~ (retreating).
  8702 | D:10     | 8702 ||| Stepping ~*~*~tactically~*~*~ (retreating).
  8717 | D:10     | 8717 ||| INVOKING Heroism.
  8865 | D:10     | 8865 ||| PLANNING LAIR
  8865 | D:10     | 8865 ||| DROPPING ring of flight.
  8866 | D:10     | 8866 ||| DROPPING potion of invisibility.
  8883 | Lair:1   | Entered Level 1 of the Lair of Beasts
  9139 | Lair:1   | 9139 ||| RETREEAATING.
  9140 | Lair:1   | 9140 ||| STILL RETREEAATING.
  9141 | Lair:1   | 9141 ||| Stepping ~*~*~tactically~*~*~ (retreating).
  9142 | Lair:1   | 9142 ||| Stepping ~*~*~tactically~*~*~ (retreating).
  9143 | Lair:1   | 9143 ||| Stepping ~*~*~tactically~*~*~ (retreating).
  9144 | Lair:1   | 9144 ||| Stepping ~*~*~tactically~*~*~ (retreating).
  9145 | Lair:1   | 9145 ||| Stepping ~*~*~tactically~*~*~ (retreating).
  9146 | Lair:1   | 9146 ||| Stepping ~*~*~tactically~*~*~ (retreating).
  9147 | Lair:1   | 9147 ||| Stepping ~*~*~tactically~*~*~ (retreating).
  9309 | Lair:1   | 9309 ||| INVOKING Heroism.
  9313 | Lair:1   | Received a gift from Okawaru
  9352 | Lair:1   | 9352 ||| INVOKING Heroism.
  9375 | Lair:1   | Found the +8 whip "Snakebite" {venom, curare, rPois}
  9472 | Lair:1   | 9472 ||| INVOKING Heroism.
  9483 | Lair:1   | Reached skill level 14 in Ranged Weapons
  9570 | Lair:1   | 9570 ||| RETREEAATING.
  9581 | Lair:1   | 9581 ||| INVOKING Heroism.
  9583 | Lair:1   | Received a gift from Okawaru
  9584 | Lair:1   | Reached XP level 12. HP: 43/76 MP: 15/18
  9781 | Lair:1   | 9781 ||| INVOKING Heroism.
  9843 | Lair:1   | Reached skill level 9 in Invocations
 10095 | Lair:1   | 10095 ||| UPGRADING to +5 ring of evasion.
 10097 | Lair:1   | 10097 ||| DROPPING ring of willpower.
 10360 | Lair:2   | 10360 ||| RETREEAATING.
 10362 | Lair:2   | 10362 ||| STILL RETREEAATING.
 10363 | Lair:2   | 10363 ||| STILL RETREEAATING.
 10365 | Lair:2   | 10365 ||| STILL RETREEAATING.
 10366 | Lair:2   | 10366 ||| Stepping ~*~*~tactically~*~*~ (retreating).
 10367 | Lair:2   | 10367 ||| Stepping ~*~*~tactically~*~*~ (retreating).
 10368 | Lair:2   | 10368 ||| Stepping ~*~*~tactically~*~*~ (retreating).
 10369 | Lair:2   | 10369 ||| Stepping ~*~*~tactically~*~*~ (retreating).
 10370 | Lair:2   | 10370 ||| Stepping ~*~*~tactically~*~*~ (retreating).
 10371 | Lair:2   | 10371 ||| Stepping ~*~*~tactically~*~*~ (retreating).
 10372 | Lair:2   | 10372 ||| Stepping ~*~*~tactically~*~*~ (retreating).
 10378 | Lair:2   | 10378 ||| Stepping ~*~*~tactically~*~*~ (retreating).
 10379 | Lair:2   | 10379 ||| Stepping ~*~*~tactically~*~*~ (retreating).
 10380 | Lair:2   | 10380 ||| Stepping ~*~*~tactically~*~*~ (retreating).
 10381 | Lair:2   | 10381 ||| RETREEAATING.
 10382 | Lair:2   | 10382 ||| Stepping ~*~*~tactically~*~*~ (retreating).
 10383 | Lair:2   | 10383 ||| Stepping ~*~*~tactically~*~*~ (retreating).
 10384 | Lair:2   | 10384 ||| Stepping ~*~*~tactically~*~*~ (retreating).
 10385 | Lair:2   | 10385 ||| Stepping ~*~*~tactically~*~*~ (retreating).
 10386 | Lair:2   | 10386 ||| Stepping ~*~*~tactically~*~*~ (retreating).
 10387 | Lair:2   | 10387 ||| INVOKING Heroism.
 10389 | Lair:2   | 10389 ||| Stepping ~*~*~tactically~*~*~ (retreating).
 10390 | Lair:2   | 10390 ||| Stepping ~*~*~tactically~*~*~ (retreating).
 10481 | Lair:2   | 10481 ||| FLEEEEING.
 10482 | Lair:2   | 10482 ||| FLEEEEING.
 10483 | Lair:2   | 10483 ||| FLEEEEING.
 10484 | Lair:2   | 10484 ||| FLEEEEING.
 10485 | Lair:2   | 10485 ||| FLEEEEING.
 10486 | Lair:2   | 10486 ||| FLEEEEING.
 10487 | Lair:2   | 10487 ||| FLEEEEING.
 10488 | Lair:2   | 10488 ||| FLEEEEING.
 10489 | Lair:2   | 10489 ||| FLEEEEING.
 10490 | Lair:2   | 10490 ||| FLEEEEING.
 10491 | Lair:2   | 10491 ||| FLEEEEING.
 10495 | Lair:2   | 10495 ||| FLEEEEING.
 10496 | Lair:2   | 10496 ||| STAIRDANCE
 10544 | Lair:2   | 10544 ||| INVOKING Heroism.
 10546 | Lair:2   | 10546 ||| STAIRDANCE
 10660 | Lair:2   | 10660 ||| INVOKING Heroism.
 10689 | Lair:2   | Noticed a six-headed hydra
 10690 | Lair:2   | 10690 ||| INVOKING Heroism.
 10694 | Lair:2   | Killed a six-headed hydra
 10695 | Lair:2   | Reached skill level 6 in Dodging
 10704 | Lair:2   | Found a staircase to the Swamp.
 10764 | Lair:2   | 10764 ||| RETREEAATING.
 10765 | Lair:2   | 10765 ||| STILL RETREEAATING.
 10766 | Lair:2   | 10766 ||| STILL RETREEAATING.
 10767 | Lair:2   | 10767 ||| STILL RETREEAATING.
 10768 | Lair:2   | 10768 ||| STILL RETREEAATING.
 10769 | Lair:2   | 10769 ||| STILL RETREEAATING.
 10770 | Lair:2   | 10770 ||| Stepping ~*~*~tactically~*~*~ (retreating).
 10771 | Lair:2   | 10771 ||| Stepping ~*~*~tactically~*~*~ (retreating).
 10774 | Lair:2   | 10774 ||| Stepping ~*~*~tactically~*~*~ (retreating).
 10775 | Lair:2   | 10775 ||| Stepping ~*~*~tactically~*~*~ (retreating).
 10776 | Lair:2   | 10776 ||| Stepping ~*~*~tactically~*~*~ (retreating).
 10863 | Lair:2   | 10863 ||| INVOKING Heroism.
 11034 | Lair:2   | Noticed a four-headed hydra
 11035 | Lair:2   | 11035 ||| INVOKING Heroism.
 11049 | Lair:2   | Killed a four-headed hydra
 11068 | Lair:2   | Received a gift from Okawaru
 11070 | Lair:2   | 11070 ||| RETREEAATING.
 11073 | Lair:2   | 11073 ||| STILL RETREEAATING.
 11076 | Lair:2   | 11076 ||| STILL RETREEAATING.
 11077 | Lair:2   | 11077 ||| STILL RETREEAATING.
 11078 | Lair:2   | 11078 ||| STILL RETREEAATING.
 11079 | Lair:2   | 11079 ||| Stepping ~*~*~tactically~*~*~ (retreating).
 11080 | Lair:2   | 11080 ||| Stepping ~*~*~tactically~*~*~ (retreating).
 11086 | Lair:2   | Reached skill level 15 in Ranged Weapons
 11332 | Lair:3   | 11332 ||| FLEEEEING.
 11333 | Lair:3   | 11333 ||| FLEEEEING.
 11334 | Lair:3   | 11334 ||| FLEEEEING.
 11338 | Lair:3   | 11338 ||| FLEEEEING.
 11339 | Lair:3   | 11339 ||| FLEEEEING.
 11343 | Lair:3   | 11343 ||| RETREEAATING.
 11344 | Lair:3   | 11344 ||| STILL RETREEAATING.
 11345 | Lair:3   | 11345 ||| STILL RETREEAATING.
 11346 | Lair:3   | 11346 ||| STILL RETREEAATING.
 11358 | Lair:3   | Noticed a catoblepas
 11358 | Lair:3   | 11358 ||| INVOKING Heroism.
 11359 | Lair:3   | 11359 ||| INVOKING Finesse.
 11365 | Lair:3   | Killed a catoblepas
 11370 | Lair:3   | Reached XP level 13. HP: 80/82 MP: 13/20
 11397 | Lair:3   | Reached skill level 16 in Ranged Weapons
 11471 | Lair:3   | Found a blossoming altar of Fedhas.
 11523 | Lair:3   | Found a bloodstained altar of Trog.
 11555 | Lair:3   | 11555 ||| RETREEAATING.
 11557 | Lair:3   | 11557 ||| RETREEAATING.
 11559 | Lair:3   | 11559 ||| Stepping ~*~*~tactically~*~*~ (retreating).
 11560 | Lair:3   | 11560 ||| Stepping ~*~*~tactically~*~*~ (retreating).
 11561 | Lair:3   | 11561 ||| Stepping ~*~*~tactically~*~*~ (retreating).
 11562 | Lair:3   | 11562 ||| Stepping ~*~*~tactically~*~*~ (retreating).
 11563 | Lair:3   | 11563 ||| Stepping ~*~*~tactically~*~*~ (retreating).
 11570 | Lair:3   | 11570 ||| INVOKING Heroism.
 11771 | Lair:3   | 11771 ||| Stepping ~*~*~tactically~*~*~ (retreating).
 11774 | Lair:3   | 11774 ||| Stepping ~*~*~tactically~*~*~ (retreating).
 11775 | Lair:3   | 11775 ||| Stepping ~*~*~tactically~*~*~ (retreating).
 11782 | Lair:3   | 11782 ||| Stepping ~*~*~tactically~*~*~ (retreating).
 11783 | Lair:3   | 11783 ||| INVOKING Heroism.
 11888 | Lair:3   | 11888 ||| INVOKING Heroism.
 11889 | Lair:3   | 11889 ||| INVOKING Finesse.
 11977 | Lair:3   | 11977 ||| READING scroll labelled BYNAXO WIUHA.
 11978 | Lair:3   | 11978 ||| READING 6 scrolls of identify.
 11978 | Lair:3   | 11978 ||| IDENTIFYING grey potion
 11979 | Lair:3   | 11979 ||| DROPPING potion of degeneration.
 11985 | Lair:3   | 11985 ||| Stepping ~*~*~tactically~*~*~ (water).
 12390 | Lair:3   | Found a hole to the Spider Nest.
 12539 | Lair:4   | Identified the +2 chain mail of Funaacet {rCorr}
 12550 | Lair:4   | Found a viscous altar of Jiyva.
 12550 | Lair:4   | Found a staircase to the Slime Pits.
 12656 | Lair:4   | 12656 ||| RETREEAATING.
 12661 | Lair:4   | 12661 ||| Stepping ~*~*~tactically~*~*~ (retreating).
 12666 | Lair:4   | Received a gift from Okawaru
 12686 | Lair:4   | 12686 ||| INVOKING Heroism.
 12861 | Lair:4   | 12861 ||| INVOKING Heroism.
 12863 | Lair:4   | 12863 ||| RETREEAATING.
 12865 | Lair:4   | 12865 ||| STILL RETREEAATING.
 12867 | Lair:4   | 12867 ||| STILL RETREEAATING.
 12869 | Lair:4   | 12869 ||| STILL RETREEAATING.
 12874 | Lair:4   | 12874 ||| Stepping ~*~*~tactically~*~*~ (retreating).
 12875 | Lair:4   | 12875 ||| Stepping ~*~*~tactically~*~*~ (retreating).
 12876 | Lair:4   | 12876 ||| Stepping ~*~*~tactically~*~*~ (retreating).
 12877 | Lair:4   | 12877 ||| Stepping ~*~*~tactically~*~*~ (retreating).
 12878 | Lair:4   | 12878 ||| Stepping ~*~*~tactically~*~*~ (retreating).
 12879 | Lair:4   | 12879 ||| Stepping ~*~*~tactically~*~*~ (retreating).
 12880 | Lair:4   | 12880 ||| Stepping ~*~*~tactically~*~*~ (retreating).
 12916 | Lair:4   | 12916 ||| RETREEAATING.
 12917 | Lair:4   | 12917 ||| Stepping ~*~*~tactically~*~*~ (retreating).
 12918 | Lair:4   | 12918 ||| Stepping ~*~*~tactically~*~*~ (retreating).
 12919 | Lair:4   | 12919 ||| Stepping ~*~*~tactically~*~*~ (retreating).
 12920 | Lair:4   | 12920 ||| Stepping ~*~*~tactically~*~*~ (retreating).
 12921 | Lair:4   | 12921 ||| Stepping ~*~*~tactically~*~*~ (retreating).
 12922 | Lair:4   | 12922 ||| Stepping ~*~*~tactically~*~*~ (retreating).
 12923 | Lair:4   | 12923 ||| INVOKING Heroism.
 12924 | Lair:4   | 12924 ||| INVOKING Finesse.
 12929 | Lair:4   | 12929 ||| Stepping ~*~*~tactically~*~*~ (retreating).
 12930 | Lair:4   | 12930 ||| Stepping ~*~*~tactically~*~*~ (retreating).
 12931 | Lair:4   | 12931 ||| Stepping ~*~*~tactically~*~*~ (retreating).
 12932 | Lair:4   | 12932 ||| Stepping ~*~*~tactically~*~*~ (retreating).
 12933 | Lair:4   | 12933 ||| Stepping ~*~*~tactically~*~*~ (retreating).
 12950 | Lair:4   | 12950 ||| Stepping ~*~*~tactically~*~*~ (retreating).
 12951 | Lair:4   | 12951 ||| Stepping ~*~*~tactically~*~*~ (retreating).
 12952 | Lair:4   | 12952 ||| Stepping ~*~*~tactically~*~*~ (retreating).
 12962 | Lair:4   | HP: 18/84 [death yak (17)]
 12963 | Lair:4   | 12963 ||| READING 2 scrolls of teleportation.
 13180 | Lair:4   | Received a gift from Okawaru
 13181 | Lair:4   | Reached skill level 17 in Ranged Weapons
 13186 | Lair:4   | 13186 ||| RETREEAATING.
 13382 | Lair:4   | 13382 ||| INVOKING Heroism.
 13383 | Lair:4   | 13383 ||| INVOKING Finesse.
 13805 | Lair:4   | 13805 ||| READING scroll labelled ETIPACH FALI.
 13806 | Lair:4   | 13806 ||| READING scroll labelled CAOG TIVEKUAB.
 13850 | Lair:5   | Entered Level 5 of the Lair of Beasts
 13851 | Lair:5   | 13851 ||| INVOKING Heroism.
 13852 | Lair:5   | 13852 ||| STAIRDANCE
 13864 | Lair:5   | 13864 ||| STAIRDANCE
 13904 | Lair:5   | 13904 ||| STAIRDANCE
 14083 | Lair:5   | 14083 ||| INVOKING Heroism.
 14158 | Lair:5   | 14158 ||| INVOKING Heroism.
 14262 | Lair:5   | Gained mutation: Your large and strong wings let you fly.
                  | [Gargoyle growth]
 14262 | Lair:5   | Reached XP level 14. HP: 90/90 MP: 21/21
 14271 | Lair:5   | 14271 ||| Stepping ~*~*~tactically~*~*~ (retreating).
 14272 | Lair:5   | 14272 ||| Stepping ~*~*~tactically~*~*~ (retreating).
 14273 | Lair:5   | 14273 ||| Stepping ~*~*~tactically~*~*~ (retreating).
 14279 | Lair:5   | 14279 ||| Stepping ~*~*~tactically~*~*~ (retreating).
 14430 | Lair:5   | Reached skill level 18 in Ranged Weapons
 14434 | Lair:5   | 14434 ||| INVOKING Heroism.
 14588 | Lair:5   | 14588 ||| INVOKING Heroism.
 14891 | Lair:5   | Reached skill level 12 in Fighting
 14924 | Lair:5   | 14924 ||| RETREEAATING.
 14927 | Lair:5   | 14927 ||| Stepping ~*~*~tactically~*~*~ (retreating).
 14928 | Lair:5   | 14928 ||| Stepping ~*~*~tactically~*~*~ (retreating).
 14929 | Lair:5   | 14929 ||| Stepping ~*~*~tactically~*~*~ (retreating).
 14958 | Lair:5   | Received a gift from Okawaru
 14969 | Lair:5   | 14969 ||| Stepping ~*~*~tactically~*~*~ (retreating).
 14991 | Lair:5   | 14991 ||| INVOKING Heroism.
 15104 | Lair:5   | 15104 ||| RETREEAATING.
 15126 | Lair:5   | 15126 ||| INVOKING Heroism.
 15142 | Lair:5   | 15142 ||| INVOKING Finesse.
 15148 | Lair:5   | 15148 ||| RETREEAATING.
 15149 | Lair:5   | 15149 ||| Stepping ~*~*~tactically~*~*~ (retreating).
 15150 | Lair:5   | 15150 ||| Stepping ~*~*~tactically~*~*~ (retreating).
 15151 | Lair:5   | 15151 ||| Stepping ~*~*~tactically~*~*~ (retreating).
 15152 | Lair:5   | 15152 ||| Stepping ~*~*~tactically~*~*~ (retreating).
 15363 | Lair:5   | Identified the ring "Emic Afi" {Fly SInv}
 15606 | Lair:5   | 15606 ||| PLANNING D:1-11
 15606 | Lair:5   | 15606 ||| DROPPING ring "Emic Afi" {Fly SInv}.
 15607 | Lair:5   | 15607 ||| READING 6 scrolls of identify.
 15607 | Lair:5   | 15607 ||| IDENTIFYING viscous blue potion
 15608 | Lair:5   | 15608 ||| DROPPING potion of lignification.
 15884 | D:11     | 15884 ||| INVOKING Heroism.
 15885 | D:11     | 15885 ||| INVOKING Finesse.
 16097 | D:11     | Noticed Grum
 16098 | D:11     | 16098 ||| INVOKING Heroism.
 16099 | D:11     | 16099 ||| INVOKING Finesse.
 16110 | D:11     | Killed Grum
 16681 | D:11     | 16681 ||| Stepping randomly (disturbance).
 16682 | D:11     | 16682 ||| Stepping randomly (disturbance).
 16690 | D:11     | 16690 ||| PLANNING D
 16690 | D:11     | 16690 ||| UPGRADING to +0 troll leather armour.
 16700 | D:11     | 16700 ||| DROPPING +2 robe of willpower.
 16701 | D:11     | 16701 ||| READING 5 scrolls of identify.
 16701 | D:11     | 16701 ||| IDENTIFYING sedimented green potion
 16790 | D:12     | 16790 ||| FLEEEEING.
 16791 | D:12     | 16791 ||| FLEEEEING.
 16829 | D:12     | Found a staircase to the Orcish Mines.
 16941 | D:12     | 16941 ||| RETREEAATING.
 16942 | D:12     | 16942 ||| STILL RETREEAATING.
 16944 | D:12     | 16944 ||| Stepping ~*~*~tactically~*~*~ (retreating).
 16947 | D:12     | 16947 ||| Stepping ~*~*~tactically~*~*~ (retreating).
 16948 | D:12     | 16948 ||| STILL RETREEAATING.
 16949 | D:12     | 16949 ||| INVOKING Heroism.
 16957 | D:12     | 16957 ||| READING 5 scrolls of teleportation.
 17101 | D:12     | Reached skill level 19 in Ranged Weapons
 17155 | D:12     | 17155 ||| RETREEAATING.
 17161 | D:12     | 17161 ||| INVOKING Heroism.
 17271 | D:12     | Noticed Sonja
 17277 | D:12     | Paralysed by Sonja for 4 turns
 17281 | D:12     | Killed Sonja
 17454 | D:12     | 17454 ||| UPGRADING to scarf of resistance.
 17464 | D:12     | 17464 ||| READING 4 scrolls of identify.
 17464 | D:12     | 17464 ||| IDENTIFYING metallic amethyst potion
 17465 | D:12     | 17465 ||| DROPPING potion of brilliance.
 17493 | D:13     | 17493 ||| FLEEEEING.
 17494 | D:13     | 17494 ||| FLEEEEING.
 17495 | D:13     | 17495 ||| STAIRDANCE
 17515 | D:13     | 17515 ||| STAIRDANCE
 17538 | D:13     | 17538 ||| STAIRDANCE
 17555 | D:13     | 17555 ||| STAIRDANCE
 17585 | D:13     | 17585 ||| STAIRDANCE
 17611 | D:13     | 17611 ||| STAIRDANCE
 17627 | D:13     | 17627 ||| STAIRDANCE
 17640 | D:13     | 17640 ||| STAIRDANCE
 17669 | D:13     | 17669 ||| STAIRDANCE
 17679 | D:13     | 17679 ||| STAIRDANCE
 17697 | D:13     | 17697 ||| STAIRDANCE
 17718 | D:13     | 17718 ||| STAIRDANCE
 17745 | D:13     | 17745 ||| STAIRDANCE
 17763 | D:13     | 17763 ||| STAIRDANCE
 17775 | D:13     | 17775 ||| STAIRDANCE
 17786 | D:13     | 17786 ||| STAIRDANCE
 17799 | D:13     | 17799 ||| STAIRDANCE
 17883 | D:13     | Noticed Rupert
 17884 | D:13     | 17884 ||| INVOKING Heroism.
 17885 | D:13     | 17885 ||| INVOKING Finesse.
 17895 | D:13     | HP: 23/92 [Rupert/+4 battleaxe of electrocution (37)]
 17896 | D:13     | 17896 ||| READING 4 scrolls of teleportation.
 17897 | D:13     | Killed Rupert
 17902 | D:13     | HP: 21/92 [centaur warrior/arrow (7)]
 17904 | D:13     | Reached XP level 15. HP: 23/98 MP: 16/22
 18429 | D:13     | 18429 ||| DROPPING +1 leather armour of fire resistance.
 18430 | D:13     | 18430 ||| UPGRADING to +3 ring mail of fire resistance.
 18440 | D:13     | 18440 ||| READING scroll labelled OTIPYQ CAWK.
 18538 | D:14     | Received a gift from Okawaru
 18543 | D:14     | Noticed Kirke
 18544 | D:14     | 18544 ||| Stepping ~*~*~tactically~*~*~ (retreating).
 18545 | D:14     | 18545 ||| Stepping ~*~*~tactically~*~*~ (retreating).
 18547 | D:14     | 18547 ||| INVOKING Heroism.
 18548 | D:14     | 18548 ||| Stepping ~*~*~tactically~*~*~ (retreating).
 18549 | D:14     | 18549 ||| INVOKING Finesse.
 18550 | D:14     | 18550 ||| Stepping ~*~*~tactically~*~*~ (retreating).
 18551 | D:14     | 18551 ||| Stepping ~*~*~tactically~*~*~ (retreating).
 18556 | D:14     | Killed Kirke
 18604 | D:14     | 18604 ||| RETREEAATING.
 18605 | D:14     | 18605 ||| STILL RETREEAATING.
 18608 | D:14     | 18608 ||| STILL RETREEAATING.
 18610 | D:14     | 18610 ||| Stepping ~*~*~tactically~*~*~ (retreating).
 18612 | D:14     | 18612 ||| Stepping ~*~*~tactically~*~*~ (retreating).
 18613 | D:14     | 18613 ||| Stepping ~*~*~tactically~*~*~ (retreating).
 18614 | D:14     | 18614 ||| Stepping ~*~*~tactically~*~*~ (retreating).
 18615 | D:14     | 18615 ||| INVOKING Heroism.
 18619 | D:14     | Reached skill level 6 in Armour
 18619 | D:14     | 18619 ||| Stepping ~*~*~tactically~*~*~ (retreating).
 18620 | D:14     | 18620 ||| Stepping ~*~*~tactically~*~*~ (retreating).
 18621 | D:14     | 18621 ||| Stepping ~*~*~tactically~*~*~ (retreating).
 18622 | D:14     | 18622 ||| Stepping ~*~*~tactically~*~*~ (retreating).
 18805 | D:14     | Found Lathaikh's Magic Scroll Shoppe.
 18814 | D:14     | 18814 ||| BUYING scroll of enchant armour (120 gold).
 18814 | D:14     | Bought a scroll of enchant armour for 120 gold pieces
 18814 | D:14     | 18814 ||| BUYING scroll of enchant weapon (120 gold).
 18814 | D:14     | Bought a scroll of enchant weapon for 120 gold pieces
 18814 | D:14     | 18814 ||| BUYING scroll of identify (32 gold).
 18814 | D:14     | Bought a scroll of identify for 32 gold pieces
 18814 | D:14     | 18814 ||| BUYING scroll of identify (32 gold).
 18814 | D:14     | Bought a scroll of identify for 32 gold pieces
 18814 | D:14     | 18814 ||| BUYING scroll of teleportation (48 gold).
 18814 | D:14     | Bought a scroll of teleportation for 48 gold pieces
 18814 | D:14     | 18814 ||| READING scroll of enchant armour.
 18814 | D:14     | 18814 ||| ENCHANTING +0 helmet.
 18815 | D:14     | 18815 ||| READING scroll of enchant weapon.
 18815 | D:14     | 18815 ||| ENCHANTING +0 hand cannon of chaos.
 18859 | D:14     | Found a hide-covered altar of Uskayaw.
 18888 | D:14     | 18888 ||| Stepping ~*~*~tactically~*~*~ (retreating).
 18892 | D:14     | 18892 ||| INVOKING Heroism.
 19000 | D:14     | Found a gate to the Vaults.
 19233 | D:14     | 19233 ||| UPGRADING to +0 pair of boots.
 19238 | D:14     | 19238 ||| DROPPING +4 ring of protection.
 19277 | D:15     | Entered Level 15 of the Dungeon
 19278 | D:15     | 19278 ||| INVOKING Heroism.
 19279 | D:15     | 19279 ||| STAIRDANCE
 19292 | D:15     | 19292 ||| STAIRDANCE
 19364 | D:15     | 19364 ||| INVOKING Heroism.
 19375 | D:15     | 19375 ||| STAIRDANCE
 19543 | D:15     | 19543 ||| INVOKING Heroism.
 19546 | D:15     | Received a gift from Okawaru
 19722 | D:15     | 19722 ||| FLEEEEING.
 19723 | D:15     | 19723 ||| FLEEEEING.
 19724 | D:15     | 19724 ||| FLEEEEING.
 19725 | D:15     | 19725 ||| FLEEEEING.
 19726 | D:15     | 19726 ||| FLEEEEING.
 19729 | D:15     | 19729 ||| FLEEEEING.
 19730 | D:15     | 19730 ||| FLEEEEING.
 19731 | D:15     | 19731 ||| FLEEEEING.
 19732 | D:15     | 19732 ||| FLEEEEING.
 19733 | D:15     | 19733 ||| FLEEEEING.
 19734 | D:15     | 19734 ||| FLEEEEING.
 19735 | D:15     | 19735 ||| FLEEEEING.
 19736 | D:15     | 19736 ||| FLEEEEING.
 19737 | D:15     | 19737 ||| FLEEEEING.
 19738 | D:15     | 19738 ||| FLEEEEING.
 19739 | D:15     | 19739 ||| FLEEEEING.
 19740 | D:15     | 19740 ||| FLEEEEING.
 19741 | D:15     | 19741 ||| FLEEEEING.
 19745 | D:15     | 19745 ||| FLEEEEING.
 19749 | D:15     | 19749 ||| STAIRDANCE
 20003 | D:15     | 20003 ||| FLEEEEING.
 20004 | D:15     | 20004 ||| FLEEEEING.
 20005 | D:15     | 20005 ||| STAIRDANCE
 20432 | D:15     | Found a staircase to the Depths.
 20432 | D:15     | Noticed a frost giant
 20434 | D:15     | 20434 ||| INVOKING Heroism.
 20434 | D:15     | HP: 22/98 [frost giant/+1 battleaxe of freezing (24)]
 20435 | D:15     | 20435 ||| READING 4 scrolls of teleportation.
 20436 | D:15     | Mangled by a frost giant

Levels and vault maps discovered:
D:1:      shiori_arrival_maze, layout_basic, serial_shops, nicolae_square_shop
D:2:      layout_rooms, serial_shops, nicolae_shop_peninsula, shop, basic_altar
D:3:      layout_basic, minivault_5, grunt_ministairs_15, minivault_5,
          minmay_misc_feat_alley
D:4:      layout_rooms, mainiacjoe_overflow_surrounded_room, patterned_corridor,
          uniq_ijyb
D:5:      layout_layer_cave, grunt_temple_overflow_magic_moments, serial_shops,
          shop, nrook_pool_corridor, uniq_blork_the_orc, uniq_eustachio
D:6:      layout_rooms, lemuel_doored_altar, minmay_temple_entry_offerings,
          serial_co_window_serial, co_window_of_opportunity_a,
          co_window_paths_a, co_window_corner_a, co_window_paths_b,
          co_window_of_opportunity_a, co_window_of_opportunity_b,
          co_window_cross_3, co_window_broadway_b, co_window_sun,
          co_window_paths_d, glass_columns_a, glass_columns_b, glass_columns_b,
          glass_columns_c, serial_shops, nicolae_diamond_shop,
          minmay_misc_feat_cross, uniq_duvessa
D:7:      layout_basic, mainiacjoe_overflow_alcove_4,
          mainiacjoe_overflow_catwalk_spiral, uniq_crazy_yiuf_cottage
D:8:      layout_basic, gammafunk_ghost_necromancy, uniq_erica, uniq_amaemon,
          uniq_maurice, uniq_psyche
D:9:      layout_basic, grunt_dithmenos_smoke, hangedman_decor_opposing
D:10:     layout_irregular_city, due_lair_maze_entry_diamond,
          nicolae_trove_entry_crossroad, uniq_urug
D:11:     layout_basic, uniq_grum
D:12:     layout_loops_cross, erik_orc_4, uniq_sonja
D:13:     layout_long_grid, uniq_rupert
D:14:     layout_loops_cross, david_vaults_2,
          nicolae_uskayaw_murder_on_the_dancefloor, serial_shops,
          kennysheep_mini_moat, uniq_kirke
D:15:     grunt_enter_depths_snipers, layout_stronghold, serial_ice,
          serial_ice_n, serial_ice_i, serial_ice_e, serial_ice_h, serial_ice_m,
          serial_ice_c, serial_ice_d, serial_ice_f, serial_ice_o, serial_ice_a
Temple:   nicolae_temple_god_jail
Lair:1:   minmay_guarded_unrand_snakebite, layout_cave_pods, grunt_megastairs_3,
          serial_bayou_shore_b
Lair:2:   layout_regular_city, palyth_hydra_swamp_entry
Lair:3:   layout_cave_pods, spider_nest_entry_funnel_web, basic_altar,
          chequers_serial_rivers_micro_e, minmay_holes, minivault_27,
          serial_bayou_lagoon_a, nicolae_lair_grove_arrangements,
          lemuel_centaur_altar
Lair:4:   layout_gridlike, slime_entry_1, serial_rivers,
          chequers_serial_rivers_large_a, chequers_serial_rivers_small_3,
          chequers_serial_rivers_micro_b, chequers_serial_rivers_micro_a,
          chequers_serial_rivers_micro_e, chequers_serial_rivers_large_b,
          cheibrodos_lair_lostbears, lemuel_fruit_fields
Lair:5:   hangedman_lair_caniforms_friends, layout_layer_cave,
          grunt_megastairs_5

Skill      XL: |  1  2  3  4  5  6  7  8  9 10 11 12 13 14 15 |
---------------+----------------------------------------------+-----
Armour         | 1 2 3 4 5 8 |  8.1
Ranged Weapons | 5 6 7 8 9 10 13 14 15 17 19 | 19.8
Fighting       | 3 4 6 7 8 9 10 11 13 | 13.0
Dodging        | 3 4 5 6 7 8 |  8.5
Invocations    | 4 5 8 10 | 10.0
Stealth        | |  1.1

Action                     |  1- 3 |  4- 6 |  7- 9 | 10-12 | 13-15 || total
---------------------------+-------+-------+-------+-------+-------++-------
  Melee: Unarmed           |       |       |     8 |       |       ||     8
   Fire: Shortbow          |   103 |   122 |    87 |       |       ||   312
         Hand cannon       |       |       |   121 |   470 |  1004 ||  1595
 Invoke: Heroism           |       |       |     3 |    22 |    26 ||    51
         Finesse           |       |       |       |     1 |     8 ||     9
    Use: Scroll            |     3 |    13 |     6 |     3 |    14 ||    39
         Potion            |       |     1 |     2 |     3 |       ||     6
 Armour: Leather armour    |    53 |     4 |    21 |   255 |   249 ||   582
         Ring mail         |       |    46 |    64 |       |    78 ||   188
         Skin              |       |       |     2 |       |       ||     2
         Troll leather arm |       |       |       |       |    63 ||    63
  Dodge: Dodged            |    52 |    45 |   103 |   337 |   830 ||  1367

Table legend:
 A = Non-vault XP
 B = Vault XP
 C = Vault XP percentage of total XP
 D = Non-vault monster count
 E = Vault monster count
 F = Vault count percentage of total count
                 A         B        C        D         E       F
            +---------+---------+-------+---------+---------+-------
      Total |   76893 |   36111 |  32.0 |     383 |     167 |  30.4
            +---------+---------+-------+---------+---------+-------
        D:1 |      18 |       4 |  18.2 |      11 |       2 |  15.4
        D:2 |      73 |       0 |   0.0 |      20 |       0 |   0.0
        D:3 |      25 |       1 |   3.8 |      12 |       1 |   7.7
        D:4 |     514 |      35 |   6.4 |      21 |       1 |   4.5
        D:5 |     670 |     298 |  30.8 |      22 |       2 |   8.3
        D:6 |     822 |     216 |  20.8 |       9 |       2 |  18.2
        D:7 |     972 |       0 |   0.0 |      20 |       0 |   0.0
        D:8 |     627 |    2866 |  82.0 |      15 |       5 |  25.0
        D:9 |    1221 |       0 |   0.0 |      34 |       0 |   0.0
       D:10 |    3255 |    2420 |  42.6 |      19 |      12 |  38.7
       D:11 |    3535 |     560 |  13.7 |       9 |       4 |  30.8
       D:12 |    4839 |    1262 |  20.7 |      15 |      17 |  53.1
       D:13 |    5950 |    1852 |  23.7 |      13 |       1 |   7.1
       D:14 |   11711 |    3449 |  22.8 |      19 |       6 |  24.0
       D:15 |    2926 |    4573 |  61.0 |       7 |      24 |  77.4
     Lair:1 |    3158 |    2168 |  40.7 |      15 |      12 |  44.4
     Lair:2 |    7483 |    2538 |  25.3 |      26 |       5 |  16.1
     Lair:3 |    7904 |    1355 |  14.6 |      27 |       8 |  22.9
     Lair:4 |   11989 |    1451 |  10.8 |      32 |       6 |  15.8
     Lair:5 |    9201 |   11063 |  54.6 |      37 |      59 |  61.5
            +---------+---------+-------+---------+---------+-------
